 Dungeon Crawl Stone Soup version 0.31.0-10-gcf4a605ca0 (webtiles) character file.

Game seed: 4976011031245931635

113 SnakkuSnakku7 the Caller (level 4, -1/38 HPs)
             Began as a Ghoul Summoner on Jan 26, 2024.
             Was a Follower of Uskayaw.
             Slain by Terence
             ... wielding a +0 flail
              (3 damage)
             ... on level 3 of the Dungeon.
             The game lasted 00:02:12 (2296 turns).

SnakkuSnakku7 the Caller (Ghoul Summoner)           Turns: 2296, Time: 00:02:13

Health: -1/38      AC: 10    Str: 13    XL:     4   Next: 96%
Magic:  6/6        EV:  3    Int: 14    God:    Uskayaw [*.....]
Gold:   55         SH:  0    Dex:  9    Spells: 5/6 levels left

rFire   . .          .
                       - Unarmed
rCold   + . .        (no shield)
rNeg    + + +        c - +0 plate armour
rPois   ∞            (no helmet)
rElec   .            (no cloak)
rCorr   .            (no gloves)
SInv    .            (no boots)
Will    .....        (no amulet) Stlth
                     (no ring)
HPRegen 0.00/turn    (no ring)
MPRegen 0.10/turn

%: no passive effects
@: inhibited regen
A: claws 1, cold resistance 1, negative energy resistance 3, inhibited
regeneration, torment resistance 2, devour on kill
a: Renounce Religion, Stomp


You were on level 3 of the Dungeon.
You worshipped Uskayaw.
Uskayaw was noncommittal.
You visited 1 branch of the dungeon, and saw 3 of its levels.

You collected 209 gold pieces.
You spent 154 gold pieces at shops.

Inventory:

Armour
 a - a +0 robe
 c - a +0 plate armour (worn)
Wands
 t - a wand of iceblast (10)
Scrolls
 d - a scroll of amnesia {unknown}
 e - 3 scrolls of teleportation {unknown}
 f - 2 scrolls of identify {unknown}
 g - a scroll of acquirement {unknown}
 i - a scroll of enchant weapon {unknown}
 q - 3 scrolls of fear {unknown}
 s - a scroll of revelation {unknown}
Potions
 b - a potion of magic
 h - a potion of mutation {unknown}
 j - 2 potions of heal wounds {unknown}
 k - 2 potions of might
 l - 6 potions of curing
 m - a potion of lignification {unknown}
 n - a potion of berserk rage {unknown}
 o - a potion of attraction {unknown}
 p - 2 potions of brilliance {unknown}
 r - a potion of invisibility {unknown}


   Skills:
 + Level 3.2 Fighting
 - Level 1.7 Dodging
 - Level 2.1 Stealth
 + Level 3.2 Unarmed Combat
 - Level 1.7 Spellcasting
 - Level 3.6 Summonings


You had 5 spell levels left.
You knew the following spells:

 Your Spells              Type           Power      Damage    Failure   Level
a - Summon Small Mammal   Summ           44%        N/A       100%        1

Your spell library contained the following spells:

 Spells                   Type           Power      Damage    Failure   Level
 Call Imp                 Summ           22%        N/A       100%        2
 Call Canine Familiar     Summ           11%        N/A       100%        3
 Summon Blazeheart Golem  Fire/Summ      6%         N/A       100%        4
 Summon Lightning Spire   Summ/Air       6%         N/A       100%        4


Dungeon Overview and Level Annotations

Branches:
Dungeon (3/15)

Altars:
Ashenzari
Uskayaw

Shops:
D:2 !

Annotations:
D:3 Terence


Innate Abilities, Weirdness & Mutations

You are immune to poison.
You have sharp fingernails.
Your flesh is cold resistant. (rC+)
You are immune to negative energy. (rN+++)
You do not regenerate when monsters are visible.
You are immune to unholy pain and torment.
You thrive by killing the living.


Message History

Terence is nearby!
Terence is nearby!
Terence says, "You're history."
Terence hits you but does no damage.
You closely miss Terence. Terence hits you with a +0 flail.
You scratch Terence.
Terence is lightly wounded.
Terence hits you with a +0 flail.
You scratch Terence.
Terence is moderately wounded.
Terence hits you with a +0 flail.
You scratch Terence but do no damage.
Terence is moderately wounded.
Terence hits you with a +0 flail.
You scratch Terence but do no damage.
Terence is moderately wounded.
Terence barely misses you.
You scratch Terence but do no damage.
Terence is moderately wounded.
Terence hits you but does no damage.
You scratch Terence.
Terence is heavily wounded.
Terence hits you with a +0 flail.
You can now stomp with the beat.
You scratch Terence but do no damage.
Terence is heavily wounded.
Terence hits you but does no damage.
You scratch Terence.
Terence is severely wounded.
Terence hits you with a +0 flail!
* * * LOW HITPOINT WARNING * * *
You scratch Terence.
Terence is severely wounded.
Terence hits you with a +0 flail.
* * * LOW HITPOINT WARNING * * *
You scratch Terence but do no damage.
Terence is severely wounded.
Terence hits you with a +0 flail.
You die...
Terence says, "That felt goooood."

####.###.. ..#
#..##.. #.#
####...#..# #.#
..........#####.##
.###...#..##.....#
......#..........#
.###.......#.###.#
.# ........#####.#
.# ..8.8......##@#
.#..........#.##@#
.#.8.....8....##.#
.#.........._.##.#
##.8.....8....##.#
#..........#.##..
##...8.8......####
##.........####
...+.........+


You could see Terence.

Vanquished Creatures
  4 adders
  2 dart slugs (D:2)
  3 ribbon worms
  An orc (D:3)
  5 endoplasms
  A giant cockroach (D:3)
  8 goblins
  7 hobgoblins
  A jackal (D:2)
  4 quokkas
  5 ball pythons
  5 bats
  4 frilled lizards
  4 kobolds
  6 rats
60 creatures vanquished.

Vanquished Creatures (others)
  A bat (D:2)
1 creature vanquished.

Grand Total: 61 creatures vanquished

Notes
Turn   | Place    | Note
-------+----------+-------------------------------------------
     0 | D:1      | SnakkuSnakku7 the Ghoul Summoner began the quest for the
                  | Orb.
     0 | D:1      | Reached XP level 1. HP: 14/14 MP: 3/3
   171 | D:1      | Reached skill level 1 in Fighting
   171 | D:1      | Reached skill level 1 in Unarmed Combat
   215 | D:1      | Reached XP level 2. HP: 18/23 MP: 4/4
   546 | D:1      | Reached XP level 3. HP: 27/29 MP: 5/5
   839 | D:2      | Reached XP level 4. HP: 28/37 MP: 6/6
  1051 | D:2      | Found Urrar's Distillery.
  1082 | D:2      | Bought a potion of degeneration for 14 gold pieces
  1083 | D:2      | Bought a potion of might for 56 gold pieces
  1083 | D:2      | Bought a potion of curing for 42 gold pieces
  1083 | D:2      | Bought a potion of curing for 42 gold pieces
  1835 | D:3      | Found a broken altar of Ashenzari.
  2246 | D:3      | Found a hide-covered altar of Uskayaw.
  2269 | D:3      | Became a worshipper of Uskayaw the Reveller
  2282 | D:3      | Noticed Terence
  2292 | D:3      | Reached * piety under Uskayaw
  2296 | D:3      | Slain by Terence

Illustrated notes

Levels and vault maps discovered:
D:1:      co_arrival_square_in_a_square_in_a_square, layout_rooms,
          serial_corexii_hall, corexii_hall_statues_i, corexii_hall_statues_l,
          corexii_hall_statues_u, corexii_hall_statues_x,
          corexii_hall_statues_deadend, corexii_hall_statues_l, minivault_24
D:2:      layout_basic, serial_shops, shop_coins, minmay_pentomino_w4
D:3:      layout_loops_corners, ashenzari_altar_1, nicolae_uskayaw_dance_hall,
          uniq_terence

Skill      XL: |  1  2  3  4 |
---------------+-------------+-----
Fighting       | 1 2 3 |  3.2
Unarmed Combat | 1 2 3 |  3.2
Dodging        | |  1.7
Stealth        | |  2.1
Spellcasting   | |  1.7
Summonings     | |  3.6

Action                     |  1- 3 |  4- 6 || total
---------------------------+-------+-------++-------
  Melee: Unarmed           |   127 |   112 ||   239
         Punch             |     3 |     2 ||     5
 Armour: Plate armour      |   161 |   101 ||   262
  Dodge: Dodged            |    21 |    20 ||    41
